 Dungeon Crawl Stone Soup version 0.30-a0-168-g0b976cbdc4 (webtiles) character file.

Game seed: 1167456743598350782

112 qw the Chopper (level 4, -7/28 HPs)
             Began as a Gargoyle Fighter on Sept 29, 2022.
             Mangled by a gnoll
             ... wielding a +0 halberd
              (11 damage)
             ... on level 2 of the Dungeon.
             The game lasted 00:00:35 (1930 turns).

qw the Chopper (Gargoyle Fighter)                   Turns: 1930, Time: 00:00:36

Health: -7/28      AC: 22    Str: 22    XL:     4   Next: 95%
Magic:  4/4        EV:  6    Int:  8    God:
Gold:   131        SH:  4    Dex:  9    Spells: 3/3 levels left

rFire   . . .      SeeInvis .    Y - +0 war axe (protect)
rCold   . . .      Faith    .    c - +0 buckler
rNeg    + . .      Spirit   .    g - +0 plate armour
rPois   inf        Reflect  .    (no helmet)
rElec   +          Harm     .    (no cloak)
rCorr   .          Rampage  .    (no gloves)
Will    .....                    (no boots)
Stlth   ..........               (no amulet)
HPRegen 0.09/turn                (no ring)
MPRegen 0.09/turn                (no ring)

@: under a protective aura
A: sickness immunity, AC +3, negative energy resistance 1, electricity
resistance, torment resistance 1, petrification resistance
a: no special abilities


You were on level 2 of the Dungeon.
You visited 1 branch of the dungeon, and saw 2 of its levels.

You collected 131 gold pieces.


Innate Abilities, Weirdness & Mutations

You are immune to sickness and miasma.
Your stone body is resilient. (AC +3)
You are immune to poison.
You resist negative energy. (rN+)
You are resistant to electric shocks. (rElec)
You are resistant to unholy torment.
You are immune to petrification.


   Skills:
 - Level 3.2 Fighting
 + Level 4.3 Axes
 - Level 1.0 Throwing
 - Level 3.2 Armour
 - Level 3.2 Shields


You had 3 spell levels left.
You didn't know any spells.
Your spell library was empty.

Inventory:

Hand Weapons
 l - a +0 whip
 Y - a +0 war axe of protection (weapon)
Missiles
 e - 4 javelins (quivered)
Armour
 c - a +0 buckler (worn)
 g - a +0 plate armour (worn)
Jewellery
 a - the ring "Cogaeziw" {Ice rN++ Int+4 Dex-2}
   (You acquired it on level 1 of the Dungeon)

   [ring of ice]

   It enhances your ice magic.
   Int:       It affects your intelligence (+4).
   Dex:       It affects your dexterity (-2).
   rF:        It makes you vulnerable to fire.
   rC:        It protects you from cold.
   rN:        It greatly protects you from negative energy.
Scrolls
 f - a scroll of magic mapping {unknown}
 h - a scroll of identify {unknown}
 j - a scroll of immolation {unknown}
Potions
 b - a potion of haste {unknown}
 d - a potion of might
 i - a potion of attraction {unknown}
 k - a potion of berserk rage {unknown}
 m - a potion of heal wounds {unknown}
 n - a potion of curing {unknown}

Dungeon Overview and Level Annotations

Branches:
Dungeon (2/15)

Altars:

Annotations:
D:2 1 runed translucent door, Crazy Yiuf


Message History

Found a leather armour.
Found a stone staircase leading up.
Enter note:
Enter note:
Enter note:
Found a stone staircase leading down.
Enter note: You see here a +0 leather armour.
There is a stone staircase leading down here. 4 gnolls come into view.
The gnoll shouts! x3
The gnoll hits you but does no damage.
Enter note:
Enter note:
1920 ||| Stepping ~*~*~tactically~*~*~ (hiding).
You start waiting.
A gnoll is nearby!
You hit the gnoll but do no damage.
Your weapon exudes an aura of protection.
The gnoll barely misses you. x2
You slash the gnoll!
The gnoll is severely wounded.
The gnoll hits you with a +0 flail.
You barely miss the gnoll.
The gnoll is severely wounded.
The gnoll hits you with a +0 flail.
You hit the gnoll.
You kill the gnoll!
The gnoll hits you from afar with a +0 halberd!
The gnoll hits you but does no damage. The gnoll hits you with a +0 whip.
You slash the gnoll!
You kill the gnoll!
The gnoll hits you from afar with a +0 halberd.
The gnoll hits you from afar with a +0 halberd!
Things that are here:
a +0 whip; a +0 flail; a gnoll corpse You slash the gnoll!
The gnoll is severely wounded.
The gnoll hits you with a +0 halberd!
You die...

#.##...>#.#.####........
#.##.##.#.#....#........
#.#####.#.####.##......#
#.# #.#.. ....#.... #.#
#.### ###.#.... #.# #...
#.# #.#.).. #.#####.##
#.# #...... #........#
#.#####.### #######@g#
#.##......#
#............#.##......#
#.#####g.#####.##......#
.... #)##......# #..#.
#.#####.### #.$#.# #.#
#...... #..#.# #.#
#...... #..#. #.#
#...... #..#.
#.###......


You could see 2 gnolls.

Vanquished Creatures
  Jessica (D:2)
  2 gnolls (D:2)
  2 adders (D:2)
  4 dart slugs
  4 ball pythons
  3 giant cockroaches
  4 goblins
  3 hobgoblins
  3 jackals (D:2)
  3 quokkas (D:1)
  2 bats (D:1)
  A frilled lizard (D:1)
  5 kobolds
  4 rats (D:1)
41 creatures vanquished.

Notes
Turn   | Place    | Note
-------+----------+-------------------------------------------
     0 | D:1      | qw the Gargoyle Fighter began the quest for the Orb.
     0 | D:1      | Reached XP level 1. HP: 14/14 MP: 1/1
     0 | D:1      | 0 ||| qw: Version: 0.2-a-12-gaebbb33
     0 | D:1      | 0 ||| qw: Game counter: 1165
     0 | D:1      | 0 ||| qw: Always use a shield: true
     0 | D:1      | 0 ||| qw: God list: Okawaru
     0 | D:1      | 0 ||| qw: Allow faded altars: false
     0 | D:1      | 0 ||| qw: Do Orc after D:15 true
     0 | D:1      | 0 ||| qw: Do second Lair branch before Depths: true
     0 | D:1      | 0 ||| qw: Lair rune preference: random
     0 | D:1      | 0 ||| qw: Plans: Normal, Zot:1-4, God:TSO, Crypt, Tomb,
                  | Pan, Slime:5, Hells, Abyss, Orb
     0 | D:1      | 0 ||| PLANNING D:1-11
    69 | D:1      | Reached skill level 2 in Axes
   286 | D:1      | Reached XP level 2. HP: 19/19 MP: 2/2
   360 | D:1      | 360 ||| Stepping ~*~*~tactically~*~*~ (hiding).
   882 | D:1      | Reached skill level 3 in Axes
   924 | D:1      | Reached XP level 3. HP: 23/23 MP: 3/3
  1013 | D:1      | Found a faded altar of an unknown god.
  1017 | D:1      | 1017 ||| UPGRADING to +0 plate armour.
  1027 | D:1      | 1027 ||| DROPPING +0 scale mail.
  1028 | D:1      | 1028 ||| READING scroll labelled ALLOGG DEGE.
  1029 | D:1      | 1029 ||| READING scroll labelled OMIGIL NIUNE.
  1029 | D:1      | Identified a scroll of acquirement
  1029 | D:1      | 1029 ||| ACQUIRING ring "Cogaeziw" {Ice rN++ Int+4 Dex-2}
  1029 | D:1      | Acquired the ring "Cogaeziw" {Ice rN++ Int+4 Dex-2}
  1031 | D:1      | 1031 ||| READING scroll labelled KIAKHA HAUWYE.
  1032 | D:1      | 1032 ||| READING scroll labelled ULUHUG QYOC.
  1071 | D:2      | 1071 ||| STAIRDANCE
  1121 | D:2      | Noticed Jessica
  1123 | D:2      | 1123 ||| FLEEEEING.
  1141 | D:2      | Killed Jessica
  1142 | D:2      | Reached XP level 4. HP: 23/28 MP: 4/4
  1348 | D:2      | Reached skill level 1 in Throwing
  1516 | D:2      | 1516 ||| DROPPING +0 club.
  1593 | D:2      | Reached skill level 4 in Axes
  1683 | D:2      | Found a runed translucent door.
  1684 | D:2      | Noticed Crazy Yiuf
  1920 | D:2      | 1920 ||| Stepping ~*~*~tactically~*~*~ (hiding).
  1929 | D:2      | HP: 4/28 [gnoll/+0 halberd (8)]
  1930 | D:2      | Mangled by a gnoll

Levels and vault maps discovered:
D:1:      lemuel_arrival_muddy, layout_basic, shapermc_ecumenical_altar_petra
D:2:      layout_basic, grunt_ministairs_12, uniq_jessica,
          uniq_crazy_yiuf_cottage

Skill      XL: |  1  2  3  4 |
---------------+-------------+-----
Axes           | 2 3 4 |  4.3
Throwing       | 1 |  1.0
Fighting       | |  3.2
Armour         | |  3.2
Shields        | |  3.2

Action                   |  1- 3 |  4- 6 || total
-------------------------+-------+-------++-------
Melee: War axe           |    70 |    35 ||   105
Throw: Javelin           |       |     7 ||     7
  Use: Scroll            |     4 |       ||     4
Armor: Scale mail        |    29 |       ||    29
       Plate armour      |    13 |    24 ||    37
Dodge: Dodged            |    30 |    19 ||    49
Block: Buckler           |    14 |     6 ||    20

Table legend:
 A = Non-vault XP
 B = Vault XP
 C = Vault XP percentage of total XP
 D = Non-vault monster count
 E = Vault monster count
 F = Vault count percentage of total count
                 A         B        C        D         E       F
            +---------+---------+-------+---------+---------+-------
      Total |     116 |      45 |  28.0 |      36 |       5 |  12.2
            +---------+---------+-------+---------+---------+-------
        D:1 |      39 |       0 |   0.0 |      22 |       0 |   0.0
        D:2 |      77 |      45 |  36.9 |      14 |       5 |  26.3
            +---------+---------+-------+---------+---------+-------
